 Dungeon Crawl Stone Soup version 0.31-a0-1042-ga9834b393d (webtiles) character file.

Game seed: 14510698553063610743

534305 Dirtsage the Petrodigitator (level 25, -2/158 HPs)
             Began as a Gargoyle Earth Elementalist on Nov 17, 2023.
             Was the Champion of Vehumet.
             Slain by a rockslime (27 damage)
             ... on level 2 of the Pits of Slime on Nov 19, 2023.
             The game lasted 04:36:16 (65002 turns).

Dirtsage the Petrodigitator (GrEE)                 Turns: 65002, Time: 04:36:17

Health: -2/158     AC: 24    Str: 17    XL:     25   Next: 75%
Magic:  12/42      EV: 14    Int: 30    God:    Vehumet [******]
Gold:   5655       SH:  0    Dex: 19    Spells: 0/54 levels left

rFire   + + +        V - staff of earth
rCold   + . .        K - orb {*channel}
rNeg    + + +        m - quicksilver dragon scales
rPois   ∞            o - +2 helmet of Prudence {*Corrode rF++ Will+}
rElec   +            i - scarf of the New World {repulsion, Int+2}
rCorr   .            T - +1 pair of gloves of the Spider Nest {Contam rN+ Dex+5}
SInv    .            F - +0 pair of boots {Stlth+}
Will    ++++.        v - macabre finger necklace {Finger+ rN+}
Stlth   +++++        P - ring of Merapn {Fly rN+ Will+ Str-2 Dex+3}
HPRegen 0.46/turn    U - ring of the Fool {rC+ Int+6}
MPRegen 0.28/turn    W - ring of wizardry

%: corrode self (3%), repel missiles, wizardry (x1), channel magic (20%)
@: corroded, flying, constricted
A: sickness immunity, AC +19, big wings, negative energy resistance 1,
electricity resistance, torment resistance 1, petrification resistance, deformed
body, fire resistance 1, strong 1
}: 3/15 runes: barnacled, silver, gossamer
a: Renounce Religion


You were on level 2 of the Pits of Slime.
You worshipped Vehumet.
Vehumet was exalted by your worship.
You visited 10 branches of the dungeon, and saw 47 of its levels.
You also visited: Bailey, Gauntlet and Ice Cave.

You collected 7551 gold pieces.
You spent 1896 gold pieces at shops.

Inventory:

Hand Weapons
 j - the +8 arc blade {discharge, rElec}
   (You found it on level 2 of the Dungeon)

   rElec:     It insulates you from electricity.
Armour
 f - a +2 kite shield of cold resistance
 i - the scarf of the New World (worn) {repulsion, Int+2}
   (You found it on level 12 of the Dungeon)

   Int+2:     It affects your intelligence (+2).
 m - quicksilver dragon scales (worn)
 o - the +2 helmet of Prudence (worn) {*Corrode rF++ Will+}
   (You found it on level 5 of the Vaults)

   rF++:      It greatly protects you from fire.
   Will+:     It increases your willpower.
   *Corrode:  It may corrode you when you take damage.
 F - a +0 pair of boots of stealth (worn)
 K - an orb of energy (worn)
 O - the +0 helmet of Beretter {+Inv rCorr}
   (You found it in a bailey)

   +Inv:      It lets you turn invisible.
   rCorr:     It protects you from acid and corrosion.
 T - the +1 pair of gloves of the Spider Nest (worn) {Contam rN+ Dex+5}
   (You found it in a Gauntlet)

   Dex+5:     It affects your dexterity (+5).
   rN+:       It protects you from negative energy.
   Contam:    It causes magical contamination when unequipped.
Magical Staves
 I - a staff of conjuration
 V - a staff of earth (weapon)
Jewellery
 a - an amulet of regeneration
 u - the ring "Tynuntarr" {*Corrode rC+++ rN+}
   (You took it off a deep elf demonologist on level 5 of the Vaults)

   [ring of positive energy]

   rC+++:     It renders you almost immune to cold.
   rN+:       It protects you from negative energy.
   *Corrode:  It may corrode you when you take damage.
 v - the macabre finger necklace (around neck) {Finger+ rN+}
   (You found it on level 3 of the Spider Nest)

   [amulet of nothing]

   Finger+:   It enables you to equip an extra ring.
   rN+:       It protects you from negative energy.
 w - an amulet of magic regeneration
 x - the amulet of Eteclesu {Acrobat rF+ rC+ Int-4 Dex+8}
   (You found it in a Gauntlet)

   [amulet of the acrobat]

   Acrobat:   It increases your evasion while moving and waiting.
   Int-4:     It affects your intelligence (-4).
   Dex+8:     It affects your dexterity (+8).
   rF+:       It protects you from fire.
   rC+:       It protects you from cold.
 H - a ring of magical power
 P - the ring of Merapn (left hand) {Fly rN+ Will+ Str-2 Dex+3}
   (You took it off a boggart on level 15 of the Dungeon)

   [ring of flight]

   Str-2:     It affects your strength (-2).
   Dex+3:     It affects your dexterity (+3).
   rN+:       It protects you from negative energy.
   Will+:     It increases your willpower.
   Fly:       It grants you flight.
 S - a ring of see invisible
 U - the ring of the Fool (right hand) {rC+ Int+6}
   (You found it in a Gauntlet)

   [ring of protection from cold]

   Int+6:     It affects your intelligence (+6).
   rC+:       It protects you from cold.
 W - a ring of wizardry (on amulet)
Wands
 D - a wand of digging (19)
 R - a wand of quicksilver (38)
Scrolls
 c - 11 scrolls of immolation
 g - 8 scrolls of fear
 k - 8 scrolls of enchant armour
 p - 12 scrolls of poison
 r - 4 scrolls of fog
 t - 9 scrolls of teleportation
 B - 6 scrolls of blinking
 J - 6 scrolls of silence
 N - 4 scrolls of amnesia
 Q - 4 scrolls of revelation
 Z - 2 scrolls of butterflies
Potions
 b - 5 potions of magic
 d - 6 potions of might
 e - 9 potions of attraction
 h - 6 potions of haste
 l - 4 potions of heal wounds
 n - 2 potions of resistance
 q - 15 potions of curing
 s - 7 potions of brilliance
 y - 4 potions of cancellation
 z - 7 potions of mutation
 A - 4 potions of lignification
 C - 5 potions of ambrosia
 M - 2 potions of enlightenment
 X - 4 potions of invisibility
Miscellaneous
 E - a phantom mirror
 G - a sack of spiders
 Y - a phial of floods


   Skills:
 - Level 16.3 Fighting
 - Level 9.2 Short Blades
 - Level 5.1 Staves
 - Level 12.9 Armour
 - Level 10.5 Dodging
 - Level 9.6 Stealth
 - Level 7.1 Shields
 - Level 15.2 Spellcasting
 - Level 18.1 Conjurations
 - Level 6.8 Transmutations
 + Level 17.1 Fire Magic
 - Level 0.1 Air Magic
 O Level 27 Earth Magic
 - Level 6.1 Poison Magic


You couldn't memorise any spells.
You knew the following spells:

 Your Spells              Type           Power      Damage    Failure   Level
a - Stone Arrow           Conj/Erth      100%       3d13      1%          3
b - Bombard               Conj/Erth      63%        9d10      1%          6
c - Petrify               Tmut/Erth      100%       N/A       1%          4
d - Olgreb's Toxic Radia  Pois           56%        N/A       1%          4
e - Shatter               Erth           67%        3d50*     1%          9
f - Fireball              Conj/Fire      45%        3d18      1%          5
g - Lehudib's Crystal Sp  Conj/Erth      63%        10d14     1%          8
h - Ignition              Fire           45%        3d13      4%          8
w - Passwall              Tmut/Erth      93%        N/A       1%          2
z - Lee's Rapid Deconstr  Erth           67%        3d31*     1%          5

Your spell library contained the following spells:

 Spells                   Type           Power      Damage    Failure   Level
 Kiss of Death            Conj/Necr      100%       2d13      1%          1
 Magic Dart               Conj           100%       1d8       1%          1
 Sandblast                Erth           100%       2d20      1%          1
 Shock                    Conj/Air       100%       1d9       1%          1
 Sting                    Tmut/Pois      100%       1d8       1%          1
 Poisonous Vapours        Pois/Air       82%        N/A       1%          2
 Searing Ray              Conj           100%       2d8       1%          2
 Static Discharge         Conj/Air       100%       3-8/arc   1%          2
 Wereblood                Tmut           59%        N/A       1%          2
 Dazzling Flash           Conj/Hex       100%       N/A       1%          3
 Hailstorm                Conj/Ice       67%        3d14      1%          3
 Inner Flame              Hex/Fire       65%        N/A       1%          3
 Volatile Blastmotes      Fire/Tloc      100%       2d18      1%          3
 Animate Armour           Summ/Erth      100%       N/A       1%          4
 Brom's Barrelling Bould  Conj/Erth      100%       2d11      1%          4
 Flame Wave               Conj/Fire      91%        2d19      1%          4
 Fulminant Prism          Conj/Hex       33%        3d15      1%          4
 Iskenderun's Mystic Bla  Conj/Tloc      67%        2d14      1%          4
 Leda's Liquefaction      Hex/Erth       51%        N/A       1%          4
 Sticky Flame             Conj/Fire      91%        2d10      1%          4
 Arcjolt                  Conj/Air       33%        1d43      1%          5
 Borgnjor's Vile Clutch   Necr/Erth      51%        N/A       1%          5
 Irradiate                Conj/Tmut      39%        3d24      1%          5
 Starburst                Conj/Fire      45%        6d13      1%          6
 Frozen Ramparts          Ice            44%        1d7       3%          3
 Apportation              Tloc           44%        N/A       4%          1
 Necrotise                Necr           88%        1d8       4%          1
 Slow                     Hex            88%        N/A       4%          1
 Summon Small Mammal      Summ           88%        N/A       4%          1
 Yara's Violent Unravell  Hex/Tmut       21%        3d10      5%          5
 Ensorcelled Hibernation  Hex/Ice        44%        N/A       6%          2
 Airstrike                Air            11%        2d(2-18)  7%          4
 Eringya's Noxious Bog    Tmut/Pois      29%        4d6       8%          6
 Swiftness                Air            23%        N/A       9%          3
 Call Canine Familiar     Summ           22%        N/A       10%         3
 Confusing Touch          Hex            22%        N/A       10%         3
 Gell's Gravitas          Tloc           22%        N/A       10%         3
 Ozocubu's Armour         Ice            22%        N/A       10%         3
 Sigil of Binding         Hex            22%        N/A       10%         3
 Summon Guardian Golem    Hex/Summ       22%        N/A       10%         3
 Tukima's Dance           Hex            22%        N/A       10%         3
 Vampiric Draining        Necr           22%        2d7       10%         3
 Summon Lightning Spire   Summ/Air       23%        N/A       24%         4
 Vhi's Electric Charge    Tloc/Air       46%        N/A       24%         4
 Anguish                  Hex/Necr       11%        N/A       26%         4
 Animate Dead             Necr           22%        N/A       26%         4
 Cause Fear               Hex            11%        N/A       26%         4
 Dimensional Bullseye     Hex/Tloc       11%        N/A       26%         4
 Dispel Undead            Necr           22%        3d12      26%         4
 Manifold Assault         Tloc           22%        N/A       26%         4
 Passage of Golubria      Tloc           22%        N/A       26%         4
 Summon Ice Beast         Ice/Summ       22%        N/A       26%         4
 Fire Storm               Conj/Fire      45%        8d12      34%         9
 Metabolic Englaciation   Hex/Ice        11%        N/A       50%         5
 Summon Forest            Summ/Tloc      11%        N/A       50%         5
 Summon Mana Viper        Hex/Summ       22%        N/A       50%         5
 Death Channel            Necr           11%        N/A       94%         6
 Dispersal                Tloc           11%        N/A       94%         6
 Simulacrum               Ice/Necr       11%        N/A       94%         6
 Ozocubu's Refrigeration  Ice            11%        4d9       94%         7
 Chain Lightning          Conj/Air       33%        3d44      99%         9
 Enfeeble                 Hex            11%        N/A       100%        7
 Malign Gateway           Summ/Tloc      11%        N/A       100%        7
 Summon Hydra             Summ           11%        N/A       100%        7
 Discord                  Hex            11%        N/A       100%        8
 Disjunction              Tloc           11%        N/A       100%        8
 Maxwell's Capacitive Co  Air            11%        ∞         100%        8
 Summon Horrible Things   Summ           11%        N/A       100%        8
 Dragon's Call            Summ           11%        N/A       100%        9
 Cigotuvi's Dreadful Rot  Necr/Pois/Air  Unusable   N/A       N/A         2

Dungeon Overview and Level Annotations

Branches:
Dungeon (15/15)            Temple (1/1) D:4            Lair (5/5) D:11
 Shoals (4/4) Lair:2       Spider (4/4) Lair:3        Slime (4/5) Lair:5
    Orc (2/2) D:9             Elf (3/3) Orc:2        Vaults (5/5) D:14
  Crypt (0/3) Vaults:2     Depths (4/4) D:15            Zot (0/5) Depths:4
 Bailey (visited)           IceCv (visited)         Gauntlet (visited)

Altars:
Ashenzari
Cheibriados
Dithmenos
Elyvilon
Fedhas
Gozag
Hepliaklqana
Kikubaaqudgha
Makhleb
Nemelex Xobeh
Okawaru
Qazlal
Ru
Sif Muna
Trog
Uskayaw
Vehumet
Wu Jian
Xom
Yredelemnul
Zin
The Shining One
Jiyva

Shops:
D:5 *   D:8 (   D:12 (   Orc:1 (   Orc:2 *==!:*[?*   Elf:2 :   Shoals:2 ?
Vaults:1 [

Portals:
Hell: Depths:1 Depths:2 Depths:4
Pandemonium: Depths:2
Ziggurat: Depths:1
Trove: Vaults:1 (show slimy rune of Zot)

Annotations:
D:4 1 runed translucent door, Crazy Yiuf
D:6 1 runed translucent door
Temple 2 transporters


Innate Abilities, Weirdness & Mutations

You are immune to sickness and miasma.
Your stone body is resilient. (AC +19)
You are immune to poison.
Your large and strong wings let you fly.
You resist negative energy. (rN+)
You are resistant to electric shocks. (rElec)
You are resistant to unholy torment.
You are immune to petrification.
Armour fits poorly on your strangely shaped body.
Your flesh is heat resistant. (rF+)
Your muscles are strong. (Str +4, Int/Dex -1)


Message History

Confirm with . or Enter, or press ? or * to list all spells.
Aiming: Bombard (mildly dangerous; 1% risk of failure)
Press: ? - help, Shift-Dir - straight line, f/p - rockslime
Aim: a rockslime (moderately wounded, 100% to hit)
You feel a surge of power!
The iron shot hits the rockslime!!!
The rockslime is almost dead.
The blast sends you backwards. Magical energy flows into your mind!
The formless jellyfish shimmers eerily.
The formless jellyfish blinks!
The formless jellyfish barely misses you.
The formless jellyfish grabs you. The formless jellyfish constricts you.
You take 1 damage, and have 63/158 hp.
Casting: Bombard (mildly dangerous; 1% risk of failure)
Confirm with . or Enter, or press ? or * to list all spells.
Casting: Ignition (dangerous; 4% risk of failure)
Press: ? - help, Dir - look around, f - activate The air bursts into flame!
The fireball engulfs the rockslime but does no damage.
The rockslime is almost dead.
The fireball engulfs the formless jellyfish!!
The formless jellyfish is moderately wounded.
The fireball engulfs the formless jellyfish!!
The formless jellyfish is moderately wounded.
The fireball engulfs the formless jellyfish!!
The formless jellyfish is heavily wounded.
The fireball engulfs the formless jellyfish!!
The formless jellyfish is heavily wounded.
The fireball engulfs the rockslime.
The rockslime completely resists.
The rockslime is almost dead.
The fireball engulfs the formless jellyfish!!
The formless jellyfish is severely wounded.
The rockslime hits you!!
* * * LOW HITPOINT WARNING * * *
You are held in place!
The formless jellyfish stings you but does no damage.
The formless jellyfish barely misses you.
The formless jellyfish constricts you.
* * * LOW HITPOINT WARNING * * *
The rockslime hits you!!
You die...

...........
......#...... .
.....#....#.# ..
........... <..
......... ....
##......# .....
..#.......#......
........J........
.......@J..§.....
#.......J........
....#..........#.
#..#.............
# ...............
#.#.#.......###.
####.........#
.......#.#.


You could see 2 formless jellyfish and a rockslime.

Vanquished Creatures
  2 dread liches
  3 ancient liches
  A juggernaut (Depths:4)
  Parghit (Depths:4)
  Sojobo (Vaults:2)
  Vv (Depths:2)
  Margery (Depths:4)
  Saint Roka (Vaults:1)
  Xtahua (Vaults:5)
  2 golden dragons (Vaults:5)
  Nikola (Shoals:4)
  Jory (Vaults:5)
  A bone dragon (Depths:4)
  Jorgrun (D:12)
  Mlioglotl (Shoals:2)
  3 tentacled monstrosities
  5 titans
  3 liches
  3 deep elf blademasters
  A walking divine tome (Depths:3)
  2 krakens
  7 acid blobs
  2 deep elf master archers (Elf:3)
  A quicksilver dragon (Vaults:4)
  4 sphinxes
  Polyphemus (Shoals:2)
  6 shadow dragons
  6 storm dragons
  9 tengu reavers
  4 rockslimes
  5 fire giants
  Ilsuiw (Shoals:4)
  8 azure jellies
  2 iron dragons
  Louise (Elf:1)
  6 ghost moths
  5 emperor scorpions
  8 frost giants
  5 deep elf sorcerers
  9 vault wardens
  2 deep elf elementalists (Elf:3)
  A draconian stormcaller (Depths:4)
  A ghoul (Vaults:2)
  A draconian shifter (Depths:4)
  A spriggan defender (Depths:3)
  3 orc warlords
  2 broodmothers
  27 very ugly things
  20 stone giants
  4 formless jellyfish
  21 ironbound preservers
  5 ironbound thunderhulks (Vaults:2)
  9 quicksilver oozes
  5 war gargoyles
  5 vampire knights
  A black draconian (Depths:4)
  A purple draconian (Depths:4)
  9 deep elf annihilators
  5 deep elf demonologists
  2 yellow draconians (Depths:4)
  A red draconian (Depths:4)
  A minotaur (Gauntlet)
  10 dire elephants
  A white draconian (IceCv)
  11 spark wasps
  4 deep elf death magi
  15 ettins
  3 jiangshi (Depths:2)
  A green death (Depths:2)
  5 crystal guardians
  6 merfolk javelineers
  6 fire dragons
  13 merfolk impalers
  3 deep elf high priests
  7 entropy weavers
  12 great orbs of eyes
  15 yaktaur captains
  3 rakshasas
  Josephine (D:12)
  Harold (D:10)
  A hydra (D:14)
  16 ironbound frosthearts
  28 vault guards
  2 alligator snapping turtles
  9 ice dragons
  An anaconda (shapeshifter) (Elf:3)
  2 merfolk aquamancers
  A radroach (Spider:1)
  2 jorogumos
  3 peacekeepers (Vaults:4)
  8 ogre magi
  2 catoblepae
  3 spriggan air magi
  7 merfolk avatars
  11 centaur warriors
  5 satyrs
  5 death yaks
  8 deep troll shamans
  2 orc high priests
  21 two-headed ogres
  7 boulder beetles
  6 demonic crawlers
  6 deep troll earth magi
  A vampire mage (Depths:2)
  3 tengu warriors
  26 dancing weapons
  Sonja (D:13)
  4 occultists
  8 spriggan berserkers
  26 deep elf knights
  13 spriggans
  9 hell knights
  5 skysharks
  Amaemon (Lair:3)
  Lodul (D:10)
  A sixfirhy (Depths:2)
  9 iron trolls
  17 orb spiders
  5 skeletal warriors
  5 pharaoh ants (Spider:3)
  4 sun moths
  82 deep trolls
  2 sea snakes
  2 flayed ghosts
  22 deep elf archers
  A glowing orange brain (Depths:4)
  A shadow demon (Depths:2)
  11 ironbound convokers
  5 phantasmal warriors
  12 lindwurms
  A lindwurm (shapeshifter) (Vaults:5)
  5 steelbarb worms
  6 necromancers
  3 arcanists
  An orange crystal statue (IceCv)
  27 deep elf zephyrmancers
  15 harpies
  34 fauns
  9 orc knights
  15 wolf spiders
  A tengu skeleton (Vaults:4)
  2 shining eyes
  36 ugly things
  3 cyclopes
  24 deep elf pyromancers
  2 moths of wrath
  4 orc sorcerers
  9 merfolk sirens
  8 manticores
  4 black mambas
  Maurice (D:10)
  A frost giant skeleton (Vaults:4)
  10 elephants
  Joseph (Lair:1)
  An eye of devastation (Slime:1)
  12 cane toads
  6 water nymphs
  An eye of devastation (shapeshifter) (Vaults:5)
  3 gargoyles (Depths:2)
  5 torpor snails
  The ghost of snipermoke the Twirler, a novice DsGl of Okawaru (D:6)
  An orange demon (Lair:3)
  12 vault sentinels
  A kobold demonologist (D:13)
  10 komodo dragons
  An unseen horror (D:11)
  Jeremiah (D:7)
  5 freezing wraiths
  12 rime drakes
  A tengu conjurer (Depths:4)
  An efreet (D:14)
  19 yaktaurs
  27 merfolk
  An ice devil (Gauntlet)
  3 trolls
  5 harpy zombies (Shoals:3)
  25 polar bears
  8 wind drakes
  18 hornets
  4 blink frogs
  23 tarantellas
  10 meliai
  A raiju (Lair:5)
  A glass eye (Depths:1)
  6 dream sheep (Lair:3)
  17 jumping spiders
  Sigmund (D:4)
  7 air elementals
  8 snapping turtles
  22 culicivoras
  11 water elementals
  5 vampires
  57 slime creatures
  An ettin skeleton (Vaults:4)
  7 wraiths
  6 wyverns
  4 basilisks
  2 fire elementals
  28 yaks
  42 redbacks
  14 vampire mosquitoes
  5 wargs
  Menkaure (D:6)
  9 water moccasins
  16 hell hounds (Lair:5)
  4 acid dragons
  A human zombie (Vaults:4)
  2 ice beasts
  26 orc warriors
  15 black bears
  2 sky beasts
  5 boggarts (D:15)
  A manticore zombie (Shoals:3)
  41 ogres
  34 wolves
  21 centaurs
  2 kobold brigands
  8 bullfrogs
  A necrophage (D:14)
  3 earth elementals
  3 gnoll sergeants
  4 scorpions
  3 wights (D:6)
  15 killer bees
  An electric eel (Spider:4)
  2 howler monkeys
  A lava snake (D:7)
  A crimson imp (D:14)
  3 quasits (D:7)
  A hound (D:4)
  3 jellies
  15 orc priests
  A gnoll bouda (D:5)
  2 iguanas
  Natasha (twice) (D:3)
  12 orc wizards
  28 gnolls
  7 adders
  A shadow imp (D:6)
  6 white imps
  5 ufetubi
  4 worms
  3 dart slugs
  75 orcs
  3 ball pythons
  4 endoplasms
  4 giant cockroaches
  12 goblins
  7 hobgoblins
  3 jackals (D:2)
  19 kobolds
  5 quokkas
  8 bats
  A frilled lizard (D:1)
  4 rats
  A rat zombie (D:11)
  A tentacle (Shoals:2)
1949 creatures vanquished.

Vanquished Creatures (others)
  A shadow dragon (Vaults:5)
  A frost giant (IceCv)
  A two-headed ogre (Orc:2)
  A satyr (Shoals:4)
  A faun (Shoals:4)
  An orc (D:14)
  27 tentacles
33 creatures vanquished.

Grand Total: 1982 creatures vanquished

Notes
Turn   | Place    | Note
-------+----------+-------------------------------------------
     0 | D:1      | Dirtsage the Gargoyle Earth Elementalist began the quest
                  | for the Orb.
     0 | D:1      | Reached XP level 1. HP: 10/10 MP: 3/3
   234 | D:1      | Reached XP level 2. HP: 16/16 MP: 3/5
   451 | D:1      | Found a faded altar of an unknown god.
   572 | D:1      | Reached skill level 1 in Fighting
   576 | D:1      | Reached skill level 1 in Conjurations
   584 | D:1      | Reached skill level 4 in Earth Magic
   864 | D:2      | Reached XP level 3. HP: 20/20 MP: 1/6
  1062 | D:2      | Found the +8 arc blade {discharge, rElec}
  1414 | D:2      | Reached XP level 4. HP: 23/25 MP: 7/7
  1737 | D:3      | Noticed a black bear
  1740 | D:3      | Killed a black bear
  1741 | D:3      | Reached skill level 1 in Short Blades
  1741 | D:3      | Reached XP level 5. HP: 21/30 MP: 6/9
  2055 | D:3      | Learned a level 3 spell: Stone Arrow
  2322 | D:3      | Noticed Natasha
  2330 | D:3      | Killed Natasha
  2331 | D:3      | Reached XP level 6. HP: 32/36 MP: 8/10
  2462 | D:3      | Noticed Natasha
  2468 | D:3      | Killed Natasha
  2861 | D:4      | Found a staircase to the Ecumenical Temple.
  2874 | D:4      | Reached skill level 5 in Earth Magic
  2874 | D:4      | Reached XP level 7. HP: 29/40 MP: 11/11
  2936 | D:4      | Noticed Sigmund
  2947 | D:4      | Killed Sigmund
  2971 | D:4      | Learned a level 4 spell: Petrify
  2978 | Temple   | Found a transporter.
  2978 | Temple   | Found a transporter.
  2978 | Temple   | Found a transporter.
  2978 | Temple   | Found a transporter.
  2978 | Temple   | Entered the Ecumenical Temple
  2995 | Temple   | Became a worshipper of Vehumet
  3255 | D:4      | Found a hazy altar of Hepliaklqana.
  3303 | D:4      | Found a runed translucent door.
  3304 | D:4      | Noticed Crazy Yiuf
  3319 | D:5      | Entered Level 5 of the Dungeon
  3331 | D:5      | Found a white marble altar of Elyvilon.
  3516 | D:5      | Reached XP level 8. HP: 42/46 MP: 13/13
  3885 | D:5      | Found Giuw's Assorted Antiques.
  4124 | D:5      | Bought a large copper ring for 105 gold pieces
  4384 | D:6      | Found a bloodstained altar of Trog.
  4396 | D:6      | Reached skill level 1 in Transmutations
  4440 | D:6      | Noticed Menkaure
  4446 | D:6      | Killed Menkaure
  4511 | D:6      | Found a runed translucent door.
  4564 | D:6      | Reached skill level 5 in Stealth
  4564 | D:6      | Reached skill level 6 in Earth Magic
  4664 | D:6      | Reached XP level 9. HP: 39/52 MP: 15/15
  4874 | D:6      | Found a runed translucent door.
  4890 | D:6      | Noticed snipermoke's ghost (novice DsGl)
  4925 | D:6      | Reached * piety under Vehumet
  4925 | D:6      | Offered knowledge of Kiss of Death by Vehumet.
  4926 | D:6      | Reached skill level 5 in Short Blades
  4927 | D:6      | Killed snipermoke's ghost
  4994 | D:7      | Noticed Jeremiah
  5189 | D:7      | Killed Jeremiah
  5190 | D:7      | Reached skill level 5 in Fighting
  5394 | D:7      | Reached skill level 5 in Conjurations
  5500 | D:6      | Offered knowledge of Foxfire by Vehumet.
  5501 | D:6      | Reached skill level 5 in Spellcasting
  5501 | D:6      | Reached skill level 7 in Earth Magic
  5621 | D:7      | Reached ** piety under Vehumet
  5829 | D:7      | Reached XP level 10. HP: 59/59 MP: 17/17
  6128 | D:7      | Found a snail-covered altar of Cheibriados.
  6246 | D:8      | Found Ynniass's Hydra Hut.
  6247 | D:8      | Noticed a four-headed hydra
  6407 | D:8      | Found a flagged portal.
  6419 | Bailey   | Entered a bailey
  6687 | Bailey   | Offered knowledge of Inner Flame by Vehumet.
  7024 | Bailey   | Identified the +0 helmet of Beretter {+Inv rCorr}
  7032 | Bailey   | Identified the +10 plate armour "Ralojic" {rN+ Stlth+}
  7818 | D:9      | Found a shimmering altar of Xom.
  7877 | D:9      | Reached skill level 8 in Earth Magic
  7884 | D:9      | Reached *** piety under Vehumet
  8441 | D:9      | Reached XP level 11. HP: 35/65 MP: 15/19
  8561 | D:9      | Noticed a tengu warrior
  8652 | D:9      | Found a staircase to the Orcish Mines.
  8706 | D:9      | Noticed a skeletal warrior
  8749 | D:10     | Entered Level 10 of the Dungeon
  8801 | D:10     | Offered knowledge of Volatile Blastmotes by Vehumet.
  8802 | D:10     | Reached skill level 1 in Fire Magic
  9137 | D:10     | Learned a level 5 spell: Fireball
  9296 | D:10     | Noticed a two-headed ogre
  9306 | D:10     | Killed a two-headed ogre
  9317 | D:10     | Reached skill level 5 in Fire Magic
  9380 | D:10     | Noticed Maurice
  9423 | D:10     | Killed Maurice
  9572 | D:10     | Noticed Lodul
  9607 | D:10     | Noticed Harold
  9626 | D:10     | Killed Harold
  9826 | D:10     | Killed Lodul
 10218 | D:11     | Reached **** piety under Vehumet
 10396 | D:11     | Offered knowledge of Arcjolt by Vehumet.
 10440 | D:11     | Found a gate leading to a gauntlet.
 10449 | Gauntlet | Entered a Gauntlet
 10449 | Gauntlet | Found a transporter.
 10449 | Gauntlet | Found a transporter.
 10449 | Gauntlet | Found a transporter.
 10454 | Gauntlet | Noticed a soul eater
 10463 | Gauntlet | Found a transporter.
 10464 | Gauntlet | Found a transporter.
 10482 | Gauntlet | Found a transporter.
 10483 | Gauntlet | Found a runed translucent door.
 10483 | Gauntlet | Found a runed translucent door.
 10581 | Gauntlet | Found a transporter.
 10582 | Gauntlet | Found a transporter.
 10583 | Gauntlet | Found a transporter.
 10584 | Gauntlet | Found a large runed translucent door.
 10584 | Gauntlet | Found a transporter.
 10585 | Gauntlet | Found a large runed translucent door.
 10586 | Gauntlet | Found a large runed translucent door.
 10586 | Gauntlet | Found a large runed translucent door.
 10586 | Gauntlet | Found a runed translucent door.
 10587 | Gauntlet | Found a large runed translucent door.
 10588 | Gauntlet | Found a large runed translucent door.
 10589 | Gauntlet | Found a large runed translucent door.
 10589 | Gauntlet | Found a large runed translucent door.
 10589 | Gauntlet | Noticed a dire elephant
 10590 | Gauntlet | Found a runed translucent gate.
 10590 | Gauntlet | Found a runed translucent gate.
 10591 | Gauntlet | Noticed a white ugly thing
 10592 | Gauntlet | Found a transporter.
 10592 | Gauntlet | Found a transporter.
 10592 | Gauntlet | Noticed a great orb of eyes
 10594 | Gauntlet | Noticed a red ugly thing
 10602 | Gauntlet | Found a runed translucent gate.
 10603 | Gauntlet | Found a large runed translucent door.
 10603 | Gauntlet | Found a large runed translucent door.
 10604 | Gauntlet | Found a large runed translucent door.
 10605 | Gauntlet | Found a large runed translucent door.
 10614 | Gauntlet | Found a large runed translucent door.
 10614 | Gauntlet | Found a large runed translucent door.
 10614 | Gauntlet | Found a runed translucent door.
 10615 | Gauntlet | Found a large runed translucent door.
 10616 | Gauntlet | Found a large runed translucent door.
 10787 | Gauntlet | Identified the +1 pair of gloves of the Spider Nest {Contam
                  | rN+ Dex+5}
 10803 | Gauntlet | Reached skill level 9 in Earth Magic
 10803 | Gauntlet | Reached XP level 12. HP: 44/71 MP: 20/20
 10955 | Gauntlet | Learned a level 2 spell: Passwall
 10992 | Gauntlet | Identified the ring of the Fool {rC+ Int+6}
 11012 | Gauntlet | Killed a great orb of eyes
 11214 | Gauntlet | Identified the +7 whip "Himoufopt" {pain, *Corrode Str+2
                  | Int+3}
 11214 | Gauntlet | Noticed a minotaur
 11222 | Gauntlet | Killed a minotaur
 11229 | Gauntlet | Identified the amulet of Eteclesu {Acrobat rF+ rC+ Int-4
                  | Dex+8}
 11229 | Gauntlet | Identified the +0 chain mail of Parlour Games {Int+5 Dex+2}
 11790 | D:11     | Found a staircase to the Lair.
 11808 | D:11     | Reached skill level 1 in Armour
 11810 | D:11     | Reached skill level 5 in Transmutations
 12164 | Lair:1   | Entered Level 1 of the Lair of Beasts
 12791 | Lair:1   | Noticed a catoblepas
 12804 | Lair:1   | Killed a catoblepas
 12805 | Lair:1   | Reached skill level 10 in Earth Magic
 13060 | Lair:1   | Noticed Joseph
 13073 | Lair:1   | Killed Joseph
 13455 | Lair:2   | Found a staircase to the Shoals.
 13497 | Lair:2   | Reached XP level 13. HP: 32/78 MP: 13/22
 14580 | Lair:3   | Found a hide-covered altar of Uskayaw.
 14586 | Lair:3   | Found an ornate altar of the Wu Jian Council.
 14631 | Lair:3   | Reached ***** piety under Vehumet
 14690 | Lair:3   | Found a hole to the Spider Nest.
 14729 | Lair:3   | Offered knowledge of Conjure Ball Lightning by Vehumet.
 15154 | Lair:3   | Reached skill level 10 in Fire Magic
 15154 | Lair:3   | Reached skill level 11 in Earth Magic
 15168 | Lair:3   | Noticed Amaemon
 15179 | Lair:3   | Killed Amaemon
 16577 | Lair:5   | Entered Level 5 of the Lair of Beasts
 16790 | Lair:5   | Reached skill level 10 in Conjurations
 16861 | Lair:5   | Gained mutation: Your large and strong wings let you fly.
                  | [Gargoyle growth]
 16861 | Lair:5   | Reached XP level 14. HP: 86/86 MP: 19/24
 17211 | Lair:5   | Offered knowledge of Plasma Beam by Vehumet.
 17281 | Lair:5   | Identified the +0 plate armour of the Kraken {Int-3 Dex+5}
 17919 | Lair:5   | Found a staircase to the Slime Pits.
 18097 | Lair:5   | Reached skill level 5 in Armour
 18410 | Orc:1    | Entered Level 1 of the Orcish Mines
 18671 | Orc:1    | Found Hynakecw's Weapon Emporium.
 18809 | Orc:1    | Offered knowledge of Bombard by Vehumet.
 18842 | Orc:1    | Learned a level 6 spell: Bombard
 18842 | Orc:1    | Upgraded the game from 0.31-a0-1025-g2e47921a08 to
                  | 0.31-a0-1029-ge8c24b2130
 18986 | Orc:2    | Entered Level 2 of the Orcish Mines
 18986 | Orc:2    | Found a staircase to the Elven Halls.
 19021 | Orc:2    | Found Qusinulod's Jewellery Boutique.
 19139 | Orc:2    | Reached skill level 10 in Fighting
 19273 | Orc:2    | Found Wedex's Jewellery Boutique.
 19273 | Orc:2    | Found Xeicko's Distillery.
 19662 | Orc:2    | Reached XP level 15. HP: 71/93 MP: 8/26
 19736 | Orc:2    | Bought a potion of heal wounds for 70 gold pieces
 19736 | Orc:2    | Bought a potion of lignification for 42 gold pieces
 19736 | Orc:2    | Bought a potion of invisibility for 112 gold pieces
 19736 | Orc:2    | Bought a potion of magic for 112 gold pieces
 19803 | Orc:2    | Found Cuxtin's Assorted Antiques.
 19805 | Orc:2    | Found Baejut's Magic Scroll Boutique.
 19806 | Orc:2    | Found Anirphopn's General Store.
 19806 | Orc:2    | Found Kem Uwat's Book Shop.
 19806 | Orc:2    | Found Jiwurr's Armour Shoppe.
 19829 | Orc:2    | Bought a scroll of identify for 30 gold pieces
 19829 | Orc:2    | Bought a scroll of teleportation for 45 gold pieces
 19829 | Orc:2    | Bought a scroll of blinking for 112 gold pieces
 19829 | Orc:2    | Bought 2 scrolls of teleportation for 90 gold pieces
 19829 | Orc:2    | Bought a scroll of teleportation for 45 gold pieces
 19829 | Orc:2    | Bought a scroll of teleportation for 45 gold pieces
 19842 | Orc:2    | Bought a runed cloak for 270 gold pieces
 19985 | Orc:2    | Found Aruaty's Assorted Antiques.
 19993 | Orc:2    | Bought a shiny helmet for 270 gold pieces
 19993 | Orc:2    | Bought a scroll labelled ITAVAA OFRO for 36 gold pieces
 20092 | Orc:2    | Bought a book of Iron for 512 gold pieces
 20098 | Orc:2    | Learned a level 5 spell: Lee's Rapid Deconstruction
 20261 | D:11     | Offered knowledge of Freezing Cloud by Vehumet.
 20267 | D:11     | Found an ancient bone altar of Kikubaaqudgha.
 20672 | D:12     | Found Leosuschimn's Weapon Shoppe.
 20771 | D:12     | Identified the scarf of the New World {repulsion, Int+2}
 20797 | D:12     | Noticed Jorgrun
 21035 | D:12     | Killed Jorgrun
 21036 | D:12     | Reached skill level 12 in Earth Magic
 21040 | D:12     | Noticed Josephine
 21381 | D:12     | You are sucked into a shaft and drop 1 floor!
 21623 | D:12     | Identified the +3 short sword of Malaise {holy, Fragile
                  | rPois MP+9}
 21706 | D:12     | Killed Josephine
 22183 | D:13     | Noticed Sonja
 22188 | D:13     | Offered knowledge of Spellforged Servitor by Vehumet.
 22191 | D:13     | Killed Sonja
 23752 | D:14     | Found a gate to the Vaults.
 24007 | D:14     | Learned a level 4 spell: Olgreb's Toxic Radiance
 24027 | D:15     | Entered Level 15 of the Dungeon
 24028 | D:15     | Found a staircase to the Depths.
 24028 | D:15     | Noticed a fire giant
 24231 | D:15     | Killed a fire giant
 24364 | D:14     | Reached skill level 1 in Poison Magic
 24403 | D:15     | Identified the ring of Merapn {Fly rN+ Will+ Str-2 Dex+3}
 24453 | D:15     | Reached XP level 16. HP: 76/100 MP: 17/28
 24555 | D:15     | Found an opulent altar of Gozag.
 24623 | D:15     | Offered knowledge of Yara's Violent Unravelling by Vehumet.
 25269 | Shoals:4 | Identified the "Hetras"
 25269 | Vaults:5 | Identified the "Liofuppe"
 25269 | Vaults:5 | Identified the "Teamnagh"
 25269 | Elf:3    | Identified the of Aseu
 25269 | Elf:3    | Identified the of Vemme
 25269 | Elf:3    | Identified the "Aratad"
 25269 | Slime:1  | Entered Level 1 of the Pits of Slime
 25379 | Spider:1 | Entered Level 1 of the Spider Nest
 26072 | Spider:1 | Identified the +10 rapier "Ihe Viezun" {freeze, Will+}
 26446 | Spider:1 | Reached skill level 5 in Poison Magic
 27284 | Spider:2 | Offered knowledge of Ignition by Vehumet.
 27343 | Spider:2 | Reached skill level 5 in Dodging
 28037 | Spider:3 | Found the macabre finger necklace {Finger+ rN+}
 28160 | Spider:3 | Reached ****** piety under Vehumet
 28807 | Spider:3 | Reached XP level 17. HP: 77/108 MP: 20/30
 29765 | Spider:4 | Entered Level 4 of the Spider Nest
 30621 | Spider:4 | Offered knowledge of Lehudib's Crystal Spear by Vehumet.
 30621 | Spider:4 | Offered knowledge of Fire Storm by Vehumet.
 30621 | Spider:4 | Offered knowledge of Shatter by Vehumet.
 30705 | Spider:4 | Reached skill level 10 in Spellcasting
 31275 | Spider:4 | Reached skill level 13 in Earth Magic
 31421 | Spider:4 | Got a gossamer rune of Zot
 31761 | Shoals:1 | Entered Level 1 of the Shoals
 31860 | Shoals:1 | Found a frozen archway.
 31869 | IceCv    | Entered an ice cave
 32516 | IceCv    | Reached skill level 10 in Armour
 32563 | IceCv    | Reached XP level 18. HP: 73/115 MP: 30/32
 33334 | Shoals:1 | Reached skill level 14 in Earth Magic
 34068 | Shoals:2 | Noticed Polyphemus
 34253 | Shoals:2 | Killed Polyphemus
 34866 | Shoals:2 | Noticed Mlioglotl
 34874 | Shoals:2 | Killed Mlioglotl
 34883 | Shoals:2 | Identified the amulet "Sucew" {Acrobat rCorr}
 35157 | Shoals:2 | Identified the +4 mace of Benevolence {speed, Fly}
 35201 | Shoals:2 | Found Hiatofa's Magic Scroll Shoppe.
 36575 | Shoals:3 | Reached skill level 15 in Earth Magic
 36886 | Shoals:3 | Identified the dragon-blood talisman of the Endless Expanse
                  | {rElec Will++ Str-2 Dex+2}
 37298 | Shoals:4 | Entered Level 4 of the Shoals
 37923 | Shoals:4 | HP: 5/116 [merfolk impaler/+0 trident (16)]
 38208 | Shoals:4 | Noticed Nikola
 38537 | Shoals:4 | Identified the +3 leather armour of Ladatyg {rElec Int+3}
 38542 | Shoals:4 | Reached XP level 19. HP: 111/121 MP: 15/34
 38728 | Shoals:4 | Reached skill level 16 in Earth Magic
 39031 | Shoals:4 | Killed Nikola
 39292 | Shoals:4 | Identified the +5 broad axe "Liuluw" {drain, Dex+4}
 39423 | Shoals:4 | Noticed Ilsuiw
 39429 | Shoals:4 | Killed Ilsuiw
 40295 | Shoals:4 | Got a barnacled rune of Zot
 40805 | Shoals:4 | Learned a level 9 spell: Shatter
 41045 | Vaults:1 | Entered Level 1 of the Vaults
 41048 | Vaults:1 | Reached skill level 17 in Earth Magic
 41954 | Vaults:1 | Reached skill level 18 in Earth Magic
 42175 | Vaults:1 | Found Marajuts's Armour Shoppe.
 42245 | Vaults:1 | Found a portal to a secret trove of treasure.
 42911 | Vaults:1 | Reached skill level 19 in Earth Magic
 43054 | Vaults:1 | Noticed Saint Roka
 43074 | Vaults:1 | Killed Saint Roka
 43670 | Vaults:2 | Reached XP level 20. HP: 112/127 MP: 19/35
 43690 | Vaults:2 | Reached skill level 20 in Earth Magic
 43966 | Vaults:2 | Noticed Sojobo
 43977 | Vaults:2 | Killed Sojobo
 44474 | Vaults:2 | Reached skill level 21 in Earth Magic
 44755 | Vaults:2 | HP: 6/127 [yaktaur/bolt (8)]
 44763 | Vaults:2 | HP: 1/127 [ironbound frostheart/creeping frost (19)]
 45304 | Vaults:2 | Reached skill level 22 in Earth Magic
 45518 | Vaults:2 | Found a staircase to the Crypt.
 47443 | Vaults:4 | Reached skill level 23 in Earth Magic
 47767 | Vaults:4 | Identified the +3 falchion of Sulphur {flame, Int+4}
 47838 | Vaults:4 | Identified the staff of Annoyance {rPois rF+ rN+ Str+4
                  | Int-4 Poison}
 47944 | Vaults:4 | Reached XP level 21. HP: 131/132 MP: 33/36
 48173 | Vaults:4 | Reached skill level 24 in Earth Magic
 49143 | Vaults:5 | Entered Level 5 of the Vaults
 49147 | Vaults:5 | Reached skill level 25 in Earth Magic
 49417 | Vaults:5 | Noticed a golden dragon
 49419 | Vaults:5 | Noticed an ancient lich
 49420 | Vaults:5 | Paralysed by a sphinx for 4 turns
 49425 | Vaults:5 | HP: 4/132 [shadow dragon (9)]
 49835 | Vaults:5 | Identified the ring "Tynuntarr" {*Corrode rC+++ rN+}
 49838 | Vaults:5 | Killed an ancient lich
 49838 | Vaults:5 | Noticed a golden dragon
 49839 | Vaults:5 | Reached skill level 26 in Earth Magic
 50433 | Vaults:5 | Noticed a dread lich
 50457 | Vaults:5 | Killed a dread lich
 50471 | Vaults:5 | Reached XP level 22. HP: 119/137 MP: 12/37
 50870 | Vaults:5 | Noticed Jory
 51149 | Vaults:5 | Noticed Xtahua
 51163 | Vaults:5 | Killed Xtahua
 51164 | Vaults:5 | Reached skill level 15 in Conjurations
 51173 | Vaults:5 | Identified the +6 plate armour of Ocuisas {rPois}
 51182 | Vaults:5 | Killed a golden dragon
 51217 | Vaults:5 | Identified the +5 glaive of Pelelof {spect, rElec Will+
                  | Int+3 SInv}
 51441 | Vaults:5 | Killed a golden dragon
 51453 | Vaults:5 | Noticed an ancient lich
 51612 | Vaults:5 | Killed an ancient lich
 51626 | Vaults:5 | Killed Jory
 52260 | Vaults:5 | Identified the staff of Risk Management {rF+ Will- Int+5
                  | Fire}
 52281 | Vaults:5 | Identified the +1 longbow of Xust {elec, Int+2}
 52387 | Vaults:5 | Identified the +1 hand axe "Nyha" {freeze, Will+ MP+9}
 52406 | Vaults:5 | Identified the +1 hand axe "Utorobecu" {pain, Will+}
 52461 | Vaults:5 | Got a silver rune of Zot
 52518 | Vaults:5 | Identified the +7 broad axe of Disaster {heavy, rElec
                  | Stlth+}
 52984 | Vaults:5 | Identified the +2 helmet of Prudence {*Corrode rF++ Will+}
 53090 | Vaults:5 | Upgraded the game from 0.31-a0-1029-ge8c24b2130 to
                  | 0.31-a0-1042-ga9834b393d
 53099 | Vaults:5 | Learned a level 8 spell: Lehudib's Crystal Spear
 53398 | Elf:1    | Entered Level 1 of the Elven Halls
 53399 | Elf:1    | Noticed Louise
 53416 | Elf:1    | Killed Louise
 53467 | Elf:1    | Reached skill level 15 in Fighting
 54726 | Elf:2    | Found Foofoufe's Book Shop.
 55236 | Elf:2    | Reached XP level 23. HP: 142/144 MP: 39/39
 55497 | Elf:2    | Found a runed translucent gate.
 55498 | Elf:2    | Found a runed translucent gate.
 55498 | Elf:2    | Found a runed translucent gate.
 55943 | Elf:2    | Reached skill level 1 in Shields
 56643 | Elf:3    | Entered Level 3 of the Elven Halls
 57012 | Elf:3    | Reached skill level 27 in Earth Magic
 57443 | Elf:3    | Identified the ring "Ompoj" {rC+ Int+3}
 57499 | Elf:3    | Found the ring of Shadows {Umbra +Inv Stlth+}
 58275 | Depths:1 | Entered Level 1 of the Depths
 58531 | Depths:1 | Found a one-way gateway to a ziggurat.
 58867 | Depths:1 | Found a hide-covered altar of Uskayaw.
 59389 | Depths:1 | Found a gateway to Hell.
 59556 | Depths:2 | Noticed Vv
 59558 | Depths:2 | Killed Vv
 59560 | Depths:2 | Reached XP level 24. HP: 127/151 MP: 40/40
 60051 | Depths:2 | Reached skill level 5 in Shields
 60078 | Depths:2 | Gained mutation: You are occasionally teleported next to
                  | monsters. [a shining eye]
 60098 | Depths:2 | Found a one-way gate leading to the halls of Pandemonium.
 60152 | Depths:2 | Lost mutation: You are occasionally teleported next to
                  | monsters. [potion of mutation]
 60152 | Depths:2 | Gained mutation: Your flesh is heat resistant. (rF+)
                  | [potion of mutation]
 60152 | Depths:2 | Gained mutation: Armour fits poorly on your strangely
                  | shaped body. [potion of mutation]
 60152 | Depths:2 | Gained mutation: Your muscles are strong. (Str +4, Int/Dex
                  | -1) [potion of mutation]
 60245 | Depths:2 | Reached skill level 15 in Fire Magic
 60763 | Depths:2 | Identified the ring of Xuivius {rPois EV+5 Str+7 Dex-2}
 60767 | Depths:2 | Noticed an ancient lich
 60769 | Depths:2 | Killed an ancient lich
 60770 | Depths:2 | Reached skill level 10 in Dodging
 60937 | Depths:2 | Found a viscous altar of Jiyva.
 61459 | Depths:2 | You are sucked into a shaft and drop 2 floors!
 61459 | Depths:4 | Entered Level 4 of the Depths
 61461 | Depths:4 | Reached skill level 1 in Staves
 61461 | Depths:4 | Noticed a juggernaut
 61466 | Depths:4 | Killed a juggernaut
 61467 | Depths:4 | Noticed Margery
 61725 | Depths:3 | Reached XP level 25. HP: 157/157 MP: 29/41
 63056 | Depths:4 | Noticed a dread lich
 63059 | Depths:4 | Killed a dread lich
 63060 | Depths:4 | Reached skill level 15 in Spellcasting
 63072 | Depths:4 | Killed Margery
 63107 | Depths:4 | Found a gate to the Realm of Zot.
 63405 | Depths:4 | Noticed Parghit
 63408 | Depths:4 | Killed Parghit
 63409 | Depths:4 | Reached skill level 5 in Staves
 64056 | Depths:4 | Learned a level 8 spell: Ignition
 64961 | Slime:2  | You are sucked into a shaft and drop 2 floors!
 65002 | Slime:2  | Slain by a rockslime

Illustrated notes

Levels and vault maps discovered:
D:1:      dreamdust_arrival_sigmund_warning, layout_basic,
          shapermc_ecumenical_altar_notcrosses, st_stairs_14
D:2:      layout_loops_ring
D:3:      layout_loops_corners, minmay_misc_feat_room, uniq_natasha
D:4:      layout_basic, marbit_many_paths, minmay_temple_entry_waves,
          uniq_sigmund, uniq_crazy_yiuf_cottage
D:5:      layout_gridville, elyvilon_altar_3, nicolae_wooded_promenade,
          dk_rats_in_the_wall
D:6:      layout_rooms, nicolae_overflow_crystal_walls, ebering_ghost_sewer_f,
          uniq_menkaure
D:7:      layout_cave_pools, general_overflow_altar, serial_demonic,
          serial_demonic_e, serial_demonic_a, serial_demonic_g,
          serial_demonic_d, minivault_26, kennysheep_generic_room_4,
          uniq_jeremiah
D:8:      layout_loops_ring, enter_bailey_3, doesnt_shop_hydraphobe
D:9:      minmay_tri_box, layout_basic, lemuel_crystal_altar, orc_0_dummy
D:10:     layout_irregular_city, uniq_harold, uniq_lodul, uniq_maurice
D:11:     layout_long_grid, david_lair_generic, gauntlet_entry_generic,
          lemuel_zombie_altar_kikubaaqudgha
D:12:     layout_rooms, serial_shops, nicolae_shop_bloodbath_and_beyond,
          uniq_jorgrun, uniq_josephine
D:13:     layout_layer_cave, uniq_sonja
D:14:     layout_rooms, skrybe_vaults_entry_preservation, minmay_holes,
          hangedman_stone_soup
D:15:     grunt_enter_depths_giant_problem, layout_cross, grunt_gozag_statues
Temple:   hellmonk_temple_divided_pantheon
Lair:1:   layout_gridlike, pdpol_lair_neglected_garden, uniq_joseph
Lair:2:   layout_cave_pods, shoals_dummy_entry, beast_lair_carwin_1
Lair:3:   beast_lair_carwin_large_2, layout_cellular_growth,
          nicolae_spider_entry_non_spiders, st_stairs_4,
          nzn_masters_of_martial_movement, serial_bayou_shore_b,
          lemuel_fruit_tree, uniq_amaemon
Lair:4:   layout_loops_ring, grunt_megastairs_4, serial_bayou_shore_b,
          serial_bayou_shore_b
Lair:5:   hangedman_lair_caniforms_friends, layout_gridlike,
          dpeg_slime_entry_corner
Shoals:1: layout_shoals, portal_ice_cave_entry_pillars_four
Shoals:2: layout_shoals, serial_shops, shop, uniq_polyphemus, uniq_mlioglotl
Shoals:3: layout_shoals, nicolae_shoals_undead_eyrie
Shoals:4: shoals_end_grunt_garden, layout_shoals, shoal_ilsuiw, uniq_nikola
Spider:1: layout_chambers
Spider:2: layout_spider_delve, nicolae_orb_island
Spider:3: nicolae_spider_broodchamber, hellmonk_narrow_tunnel
Spider:4: spider_rune_water
Slime:1:  layout_caves
Slime:2:  layout_caves, nicolae_slime_crime_time
Slime:3:  layout_caves
Slime:4:  layout_caves, cheibrodos_slime_lost_civilization_5
Orc:1:    layout_caves, serial_shops, shop
Orc:2:    st_orc_ogre_mass, layout_caves, serial_shops, shop, shop_statue, shop,
          nicolae_shop_hallway_stairs, shop
Elf:1:    nicolae_elf_arrival_no_cutting_in_line, layout_geoelf_octagon,
          hangedman_corner_corridor, uniq_louise
Elf:2:    nicolae_elf_blades_crystal_corner, layout_geoelf_octagon,
          serial_shops, shop, kb_rosetta
Elf:3:    minmay_elf_hall, layout_loops_cross
Vaults:1: v_alt_pattern_2, hangedman_vaults_river_flow,
          nicolae_vaults_storage_room_statues, nicolae_vaults_what_the_h,
          v_misc_12, nicolae_vaults_storage_closets_1, v_misc_14,
          nicolae_vaults_gold_heap, v_misc_14, nicolae_vaults_tetromino_T_2,
          vaults_room_hallway, hangedman_vaults_stretched_pinwheel, v_misc_5,
          layout_vaults_omnicross, serial_shops,
          nicolae_shop_just_a_little_nook, nicolae_trove_entry_isolated,
          uniq_saint_roka
Vaults:2: nicolae_vaults_angled_halls, v_alt_pattern_6,
          minmay_crypt_entry_simple_walls, v_misc_2, nicolae_vaults_trapezoid_2,
          ontoclasm_vaults_ring_square, dpeg_vaults_monster_box,
          nicolae_vaults_border_crossing, hangedman_vaults_trim,
          nicolae_vaults_six-pack, vaults_room_pool, layout_vaults_big_room,
          uniq_sojobo
Vaults:3: nicolae_vaults_closet_pinwheel_5, v_misc_8,
          nicolae_vaults_trapezoid_1, nicolae_vaults_sealed_display,
          vaults_dpeg_spiral, layout_vaults_quadrants
Vaults:4: nicolae_vaults_little_squares_3, vaults_dpeg_encased_lava,
          vaults_room_boxed, nicolae_vaults_shipping_containers_2,
          grunt_vaults_focal, v_rooms_4, hangedman_vaults_stretched_pinwheel,
          nicolae_vaults_little_squares_5, nicolae_vaults_steering_wheel,
          nicolae_vaults_cochlea, v_alt_pattern_1, ontoclasm_vaults_fault,
          ontoclasm_vaults_ligature, v_misc_28, vaults_dpeg_diagonal,
          layout_vaults_omnibox
Vaults:5: uniq_xtahua, uniq_jory
Depths:1: layout_cave_shapes, enter_ziggurat_c, serial_sigils_hangedman_quiver,
          grunt_hell_entry_dis_mu, hangedman_decor_opposing,
          eat_drink_and_be_merry_uskayaw
Depths:2: constructs_gauntlet_mu_hangedman, layout_gridville, special_room
          [special_room_jelly], hell_entry, rand_demon_pan_entry_3,
          infiniplex_staircase_split_hallway, uniq_vv
Depths:3: grunt_deathspiral_large, layout_gridville,
          abyss_entry_small_statue_room, nzn_wu_jian_council_hall, hell_entry
Depths:4: grunt_zot_entry_tricorne, layout_cave_pools, hell_entry,
          minmay_librarian, uniq_margery, uniq_parghit, uniq_josephina

Skill      XL: |  1  2  3  4  5  6  7  8  9 10 11 12 13 14 15 16 17 18 19 20 21 22 23 24 25 |
---------------+----------------------------------------------------------------------------+-----
Fighting       | 1 2 3 4 5 6 7 9 10 11 12 13 14 15 16 | 16.3
Conjurations   | 1 2 3 4 5 6 7 8 10 11 12 13 14 15 16 17 18 | 18.1
Earth Magic    | 4 5 6 7 8 9 10 11 12 13 15 19 23 26 27 | 27.0
Short Blades   | 1 2 3 4 6 7 8 9 |  9.2
Stealth        | 3 4 5 6 7 8 9 |  9.6
Spellcasting   | 3 4 5 6 7 8 9 10 11 12 13 14 15 | 15.2
Transmutations | 1 2 4 5 6 |  6.8
Fire Magic     | 8 9 10 11 12 13 14 15 17 | 17.1
Armour         | 2 4 5 6 8 10 11 12 | 12.9
Dodging        | 2 3 5 6 7 8 9 10 | 10.5
Poison Magic   | 2 6 |  6.1
Shields        | 4 6 7 |  7.1
Staves         | 3 5 |  5.1
Air Magic      | |  0.1

Action                     |  1- 3 |  4- 6 |  7- 9 | 10-12 | 13-15 | 16-18 | 19-21 | 22-24 | 25-27 || total
---------------------------+-------+-------+-------+-------+-------+-------+-------+-------+-------++-------
  Melee: Unarmed           |    24 |       |       |       |       |       |       |       |       ||    24
         Rapier            |    11 |    45 |   165 |   335 |   365 |   311 |   173 |    23 |       ||  1428
         Punch             |       |     1 |       |     2 |       |       |     3 |       |       ||     6
         Staff             |       |       |       |       |     6 |     4 |     3 |    19 |    18 ||    50
  Throw: Dart              |       |       |       |     1 |       |       |       |       |       ||     1
   Cast: Sandblast         |    36 |    16 |    17 |       |       |       |       |       |       ||    69
         Stone Arrow       |       |       |    19 |   121 |   377 |   243 |    69 |     3 |       ||   832
         Petrify           |       |       |       |    15 |    21 |    14 |    53 |     7 |       ||   110
         Fireball          |       |       |       |    19 |    57 |   167 |    87 |    25 |       ||   355
         Bombard           |       |       |       |       |     9 |    89 |   167 |   165 |    41 ||   471
         Lee's Rapid Decon |       |       |       |       |    50 |    32 |    98 |   115 |    31 ||   326
         Olgreb's Toxic Ra |       |       |       |       |     1 |   121 |    20 |       |       ||   142
         Shatter           |       |       |       |       |       |       |    43 |   104 |    26 ||   173
         Passwall          |       |       |       |       |       |       |     2 |       |       ||     2
         Lehudib's Crystal |       |       |       |       |       |       |       |    57 |    13 ||    70
         Ignition          |       |       |       |       |       |       |       |       |    31 ||    31
  Evoke: Wand              |       |       |     1 |       |       |       |       |       |       ||     1
         Sack of spiders   |       |       |       |       |       |       |     1 |       |       ||     1
    Use: Scroll            |       |       |    12 |     8 |    11 |     4 |     9 |     4 |       ||    48
         Potion            |       |       |       |     3 |     1 |     3 |     4 |     2 |     1 ||    14
   Stab: Sleeping          |       |     2 |     2 |     4 |     4 |       |     3 |       |       ||    15
         Petrified         |       |       |       |    13 |    20 |    12 |    30 |     3 |       ||    78
         Petrifying        |       |       |       |     1 |     1 |     3 |     5 |       |       ||    10
         Distracted        |       |       |       |     1 |       |       |     1 |       |       ||     2
 Armour: Robe              |    20 |       |       |       |       |       |       |       |       ||    20
         Ring mail         |     4 |    40 |   194 |   439 |   565 |   812 |   508 |       |       ||  2562
         Quicksilver drago |       |       |       |       |       |       |     4 |   239 |    78 ||   321
  Dodge: Dodged            |    30 |    21 |   100 |   189 |   261 |   457 |   244 |   183 |    42 ||  1527
         Repelled          |       |       |       |       |     2 |     8 |     3 |     9 |     7 ||    29
  Block: Other             |       |       |    37 |    65 |       |       |       |       |       ||   102
         Reflection        |       |       |       |    10 |       |       |       |       |       ||    10

Table legend: (Time is in decaauts)
 A = Elapsed time spent in this place.
 B = Non-inter-level travel time spent in this place.
 C = Inter-level travel time spent in this place.
 D = Time resting spent in this place.
 E = Time spent auto-exploring this place.
 F = Levels seen in this place.
 G = Mean time per level.
                   A        B        C        D        E       F      G
               +--------+--------+--------+--------+--------+-----+--------+
         Total |  64922 |  61153 |   3769 |  10725 |  40682 |  50 | 1298.4 |
       Dungeon |  16740 |  15473 |   1267 |   2554 |  10504 |  15 | 1116.0 |
        Temple |     30 |     16 |     14 |      0 |      0 |   1 |   30.0 |
          Lair |   6723 |   5911 |    812 |    742 |   4215 |   5 | 1344.6 |
        Shoals |   7826 |   7473 |    353 |   1945 |   4384 |   4 | 1956.5 |
   Spider Nest |   6264 |   6096 |    168 |    987 |   4127 |   4 | 1566.0 |
    Slime Pits |    488 |    468 |     20 |    276 |     78 |   4 |  122.0 |
  Orcish Mines |   1580 |   1473 |    107 |    271 |    772 |   2 |  790.0 |
   Elven Halls |   4752 |   4555 |    197 |    333 |   3677 |   3 | 1584.0 |
        Vaults |  11832 |  11324 |    508 |   2092 |   7649 |   5 | 2366.4 |
        Depths |   5770 |   5450 |    320 |    394 |   4276 |   4 | 1442.5 |
        Bailey |    660 |    660 |      0 |    347 |    140 |   1 |  660.0 |
      Ice Cave |   1288 |   1288 |      0 |    499 |    497 |   1 | 1288.0 |
      Gauntlet |    964 |    964 |      0 |    285 |    362 |   1 |  964.0 |
               +--------+--------+--------+--------+--------+-----+--------+

Top non-repeatable levels by time:
Vaults:4: 3772 daAuts
Shoals:3: 2739 daAuts
Vaults:2: 2541 daAuts
Shoals:4: 2294 daAuts
Spider:3: 2077 daAuts
Vaults:1: 2062 daAuts
   Elf:2: 1989 daAuts
Depths:2: 1921 daAuts
  Lair:5: 1885 daAuts
Vaults:5: 1810 daAuts
    D:11: 1775 daAuts
    D:10: 1725 daAuts
Spider:1: 1719 daAuts
    D:14: 1671 daAuts
Vaults:3: 1645 daAuts
